 Dungeon Sprint DCSS version 0.20.1-1-g8b1a95d (webtiles) character file.

6008 potatolord6000 the Messiah (level 10, -9/102 HPs)
             Began as a Hill Orc Monk on Aug 31, 2017.
             Was the Champion of Beogh.
             Mangled by a fire elemental (11 damage)
             ... in the Dungeon (Sprint VII: "The Pits") on Sept 1, 2017.
             The game lasted 00:08:57 (1451 turns).

potatolord6000 the Messiah (Hill Orc Monk)          Turns: 1451, Time: 00:08:58

Health: -9/102     AC: 16    Str: 18    XL:     10   Next: 85%
Magic:  0/20       EV: 18    Int: 13    God:    Beogh [******]
Gold:   0          SH:  0    Dex: 13    Spells: 9/9 levels left

rFire    . . .     SeeInvis .   q - +9 sword of Zonguldrok {reap}
rCold    . . .     Gourm    .   (no shield)
rNeg     . . .     Faith    .   s - +4 scale mail
rPois    .         Spirit   .   (no helmet)
rElec    .         Reflect  .   p - +0 cloak
rCorr    .         Harm     .   r - +0 pair of gloves
MR       .....     NoTele   +   (no boots)
Stlth    ..........             (no amulet)
Regen    0.0/turn               b - +3 ring of evasion
MPRegen  0.2/turn               f - +3 ring of intelligence

@: no status effects
A: walk on water, inhibited regeneration
a: Smiting, Recall Orcish Followers, Give Item to Named Follower, Resurrection,
Renounce Religion


You were in the Dungeon.
You worshipped Beogh.
Beogh was exalted by your worship.
You were full.

You visited 1 branch

Inventory:

Hand Weapons
 q - the +9 sword of Zonguldrok (weapon) {reap}
   (You found it in the Dungeon)

   If a monster killed with it leaves a corpse in good enough shape, the corpse
   will be animated as a zombie friendly to the killer.
Armour
 a - a +3 chain mail
 p - a +0 cloak (worn)
 r - a +0 pair of gloves (worn)
 s - a +4 scale mail (worn)
Jewellery
 b - a +3 ring of evasion (left hand)
 f - a +3 ring of intelligence (right hand)
Scrolls
 i - a scroll of blinking
 k - 3 scrolls of remove curse
 l - 5 scrolls of amnesia
 m - a scroll of summoning
Potions
 d - 6 potions of curing
 g - 4 potions of magic
 h - 2 potions of berserk rage
 j - a potion of invisibility
 u - 2 potions of agility
 v - a potion of resistance
Comestibles
 c - 8 bread rations
 n - 40 fruits
 o - 5 meat rations


   Skills:
 + Level 13.7 Fighting
 + Level 12.8 Long Blades
 + Level 12.4 Armour
 + Level 10.1 Dodging
 - Level 1.5 Stealth
 + Level 14.0 Invocations


You had 9 spell levels left.
You didn't know any spells.

Dungeon Overview and Level Annotations

Branches:
Dungeon (1/1)

Altars:
Ashenzari
Cheibriados
Dithmenos
Elyvilon
Fedhas
Gozag
Hepliaklqana
Kikubaaqudgha
Makhleb
Nemelex Xobeh
Okawaru
Qazlal
Ru
Sif Muna
Trog
Uskayaw
Vehumet
Xom
Yredelemnul
Zin
The Shining One
Beogh
Jiyva
Lugonu


Innate Abilities, Weirdness & Mutations

You can walk on water.
You do not regenerate when monsters are visible.


Message History

The orc knight is almost dead.
The fire elemental hits you. The fire elemental burns you!
* * * LOW HITPOINT WARNING * * *
The eye of draining gazes at you.
You feel your power leaking away. The orc knight barely misses you.
You riposte.
You barely miss the orc knight.
The orc knight is almost dead.
Okay, then.
You slice the orc knight!!
You kill the orc knight!
Beogh accepts your kill.
Your Invocations skill increases to level 14!
The fire elemental hits you. The fire elemental burns you!
* * * LOW HITPOINT WARNING * * *
Unknown command.
Unknown command.
You hit the eye of draining.
The eye of draining is lightly wounded.
The fire elemental hits you. The fire elemental burns you!
You die...

....##..##.##...##...##
....##..####.....##.##
....##...##......# ..#
######....'.....)+ .+
######...##.)....# ..#
....##..####.....##.##
...[##..##T##...##...##
..))##..##..##o##G)...#.
..))##..# #..#'#@E......
..))##..# #.T.).†###...
######### ########


You could see an eye of draining, a troll (confused) and a fire elemental.

Vanquished Creatures
  Josephine (D)
  A merfolk avatar (D)
  A sea snake (D)
  An orc knight (D)
  A deep elf mage (D)
  A manticore (D)
  A gargoyle (D)
  An efreet (D)
  A red devil (D)
  A guardian mummy (D)
  A tyrant leech (D)
  4 wraiths (D)
  A neqoxec (D)
  A vampire mosquito (D)
  A hungry ghost (D)
  A floating eye (D)
  A black bear (D)
  A swamp drake (D)
  4 wolves (D)
  A gnoll sergeant (D)
  A quasit (D)
  An orc wizard (D)
  A worker ant (D)
  4 gnolls (D)
  A river rat (D)
  An ufetubus (D)
  3 oozes (D)
  A worm (D)
  A leopard gecko (D)
  2 orcs (D)
  A ball python (D)
  A giant cockroach (D)
  A hobgoblin (D)
  A bat (D)
  A leopard gecko skeleton (D)
47 creatures vanquished.

Vanquished Creatures (collateral kills)
  A wraith (D)
  A redback (D)
  A warg (D)
  2 gnolls (D)
5 creatures vanquished.

Vanquished Creatures (others)
  An orc knight (D)
  2 orc warriors (D)
  An orc priest (D)
  An orc wizard (D)
  A gnoll (D)
  4 orcs (D)
10 creatures vanquished.

Grand Total: 62 creatures vanquished

Notes
Turn   | Place    | Note
-------+----------+-------------------------------------------
     0 | D        | potatolord6000 the Hill Orc Monk began the quest for the Orb.
     0 | D        | Reached XP level 1. HP: 19/19 MP: 1/1
    13 | D        | Noticed a worker ant
    19 | D        | Killed a worker ant
    19 | D        | Reached skill level 5 in Fighting
    19 | D        | Reached XP level 2. HP: 17/29 MP: 2/2
    19 | D        | Reached XP level 3. HP: 21/36 MP: 3/3
    49 | D        | Found a bloodstained altar of Trog.
    49 | D        | Found a deep blue altar of Sif Muna.
    49 | D        | Found a viscous altar of Jiyva.
    49 | D        | Found a hazy altar of Hepliaklqana.
    49 | D        | Found an opulent altar of Gozag.
    50 | D        | Found a glowing golden altar of the Shining One.
    50 | D        | Found a glowing silver altar of Zin.
    50 | D        | Found a basalt altar of Yredelemnul.
    50 | D        | Found a shimmering altar of Xom.
    50 | D        | Found a sacrificial altar of Ru.
    50 | D        | Found a stormy altar of Qazlal.
    50 | D        | Found an iron altar of Okawaru.
    50 | D        | Found a sparkling altar of Nemelex Xobeh.
    50 | D        | Found a burning altar of Makhleb.
    50 | D        | Found a blossoming altar of Fedhas.
    50 | D        | Found a white marble altar of Elyvilon.
    50 | D        | Found a shadowy altar of Dithmenos.
    50 | D        | Found a snail-covered altar of Cheibriados.
    53 | D        | Found a corrupted altar of Lugonu.
    53 | D        | Found a radiant altar of Vehumet.
    53 | D        | Found a roughly hewn altar of Beogh.
    54 | D        | Found an ancient bone altar of Kikubaaqudgha.
    54 | D        | Found a hide-covered altar of Uskayaw.
    54 | D        | Found a shattered altar of Ashenzari.
    62 | D        | Became a worshipper of Beogh the Brigand
    62 | D        | Reached * piety under Beogh
    62 | D        | Reached ** piety under Beogh
   165 | D        | Reached skill level 1 in Invocations
   180 | D        | Reached *** piety under Beogh
   184 | D        | Reached skill level 2 in Invocations
   264 | D        | Reached **** piety under Beogh
   264 | D        | Reached skill level 5 in Long Blades
   264 | D        | Reached skill level 3 in Invocations
   264 | D        | Reached XP level 4. HP: 14/44 MP: 4/6
   265 | D        | Noticed a floating eye
   265 | D        | Paralysed by a floating eye for 4 turns
   268 | D        | Noticed a gnoll sergeant
   276 | D        | Killed a floating eye
   276 | D        | Reached skill level 5 in Armour
   276 | D        | Reached skill level 5 in Invocations
   276 | D        | Reached XP level 5. HP: 52/52 MP: 2/8
   282 | D        | Reached skill level 5 in Dodging
   298 | D        | Reached ***** piety under Beogh
   298 | D        | Reached XP level 6. HP: 22/61 MP: 4/10
   302 | D        | Reached skill level 6 in Invocations
   311 | D        | Noticed a black bear
   316 | D        | Killed a black bear
   326 | D        | Noticed a gargoyle
   328 | D        | Killed a gargoyle
   328 | D        | Reached skill level 8 in Invocations
   328 | D        | Reached XP level 7. HP: 52/70 MP: 5/13
   331 | D        | Noticed a hungry ghost
   358 | D        | Killed a hungry ghost
   358 | D        | Reached skill level 9 in Invocations
   459 | D        | Noticed a neqoxec
   459 | D        | Noticed a deep elf mage
   466 | D        | Killed a deep elf mage
   466 | D        | Reached skill level 10 in Fighting
   466 | D        | Reached XP level 8. HP: 80/80 MP: 13/15
   467 | D        | Reached ****** piety under Beogh
   469 | D        | Gained mutation: You do not regenerate when monsters are visible. [a neqoxec]
   473 | D        | Reached skill level 10 in Invocations
   643 | D        | Noticed a manticore
   650 | D        | Killed a manticore
   650 | D        | Reached skill level 10 in Long Blades
   651 | D        | Noticed a redback
   655 | D        | Killed a redback
   655 | D        | Reached XP level 9. HP: 56/89 MP: 15/17
   801 | D        | Noticed a red devil
   801 | D        | Noticed a tyrant leech
   801 | D        | Noticed an efreet
   806 | D        | Killed an efreet
   806 | D        | Reached skill level 10 in Armour
   806 | D        | Reached skill level 11 in Invocations
   809 | D        | Killed a tyrant leech
   830 | D        | Killed a red devil
   830 | D        | Reached skill level 12 in Invocations
  1088 | D        | Noticed a guardian mummy
  1089 | D        | Noticed Josephine
  1090 | D        | Noticed a sea snake
  1104 | D        | Killed a sea snake
  1104 | D        | Reached XP level 10. HP: 88/100 MP: 19/19
  1109 | D        | Killed Josephine
  1109 | D        | Reached skill level 13 in Invocations
  1431 | D        | Noticed a merfolk avatar
  1432 | D        | Noticed an orc knight
  1437 | D        | Killed a merfolk avatar
  1437 | D        | Reached skill level 10 in Dodging
  1450 | D        | Killed an orc knight
  1450 | D        | Reached skill level 14 in Invocations
  1450 | D        | HP: 2/102 [fire elemental (13)]
  1451 | D        | Mangled by a fire elemental

Skill      XL: |  1  2  3  4  5  6  7  8  9 10 |
---------------+-------------------------------+-----
Fighting       | 5 7 9 10 11 12 13 | 13.7
Long Blades    | 4 5 6 8 9 10 11 12 | 12.8
Armour         | 2 3 5 6 7 9 11 12 | 12.4
Dodging        | 3 4 5 6 7 9 10 | 10.1
Invocations    | 3 5 8 9 10 12 14 | 14.0
Stealth        | |  1.5

Action                   |  1- 3 |  4- 6 |  7- 9 | 10-12 || total
-------------------------+-------+-------+-------+-------++-------
Melee: Falchion          |    26 |    34 |    33 |       ||    93
       Double sword      |       |       |    34 |    17 ||    51
Invok: Smiting           |     1 |     2 |     7 |     4 ||    14
  Use: Potion            |       |     5 |     6 |     5 ||    16
 Stab: Sleeping          |     1 |       |       |       ||     1
       Invisible         |       |       |     1 |       ||     1
  Eat: Meat ration       |       |       |     2 |       ||     2
Armor: Robe              |     4 |       |       |       ||     4
       Chain mail        |     3 |    27 |    21 |       ||    51
       Scale mail        |       |       |    19 |    10 ||    29
Dodge: Dodged            |    26 |    15 |    63 |    24 ||   128
       Rpst.: Falchion   |     5 |     4 |     4 |       ||    13
       Double sword      |       |       |     9 |     8 ||    17
